 Dungeon Crawl Stone Soup version 0.18.1-50-g88ac8fd (webtiles) character file.

210 Dioneo the Conjurer (level 5, -9/28 HPs)
             Began as a Deep Elf Conjurer on Oct 14, 2016.
             Killed by divine providence
             ... invoked by an orc priest
              (12 damage)
             ... on level 3 of the Dungeon.
             The game lasted 00:08:45 (2655 turns).

Dioneo the Conjurer (Deep Elf Conjurer)             Turns: 2655, Time: 00:08:46

Health: -9/28      AC:  4    Str:  5    XL:     5   Next: 56%
Magic:  10/15      EV: 13    Int: 21    God:
Gold:   122        SH:  0    Dex: 15    Spells: 4 memorised, 5 levels left

rFire  . . .     SeeInvis .     r - +2 dagger (venom)
rCold  + . .     Gourm    .     a - +0 robe
rNeg   . . .     Faith    .     (no shield)
rPois  .         Spirit   .     i - +0 helmet
rElec  .         Dismiss  .     (no cloak)
rCorr  .         Reflect  .     g - +0 pair of gloves
SustAt .         Harm     .     (no boots)
MR     .....                    (no amulet)
Stlth  ++........               (no ring)
                                x - ring of protection from cold (curse)

@: not resistant to hostile enchantments, unstealthy
A: no striking features
a: no special abilities


You were on level 3 of the Dungeon.
You were not hungry.

You visited 1 branch of the dungeon, and saw 3 of its levels.

You collected 122 gold pieces.

Inventory:

Hand Weapons
 r - a +2 dagger of venom (weapon)
Armour
 a - a +0 robe (worn)
 g - a +0 pair of gloves (worn)
 i - a +0 helmet (worn)
Jewellery
 x - a cursed ring of protection from cold (left hand)
Scrolls
 k - 6 scrolls of remove curse
 m - a scroll of teleportation {unknown}
 n - a scroll of fog {unknown}
 p - a scroll of noise {unknown}
 q - a scroll of recharging {unknown}
 s - 2 scrolls of random uselessness {unknown}
 u - a scroll of identify {unknown}
 w - a scroll of fear {unknown}
Potions
 e - a potion of heal wounds
 f - a potion of degeneration {unknown}
 h - 3 potions of curing {unknown}
 j - a potion of flight {unknown}
 o - a potion of might {unknown}
 t - a potion of lignification {unknown}
 v - 2 potions of mutation {unknown}
Books
 b - a book of Conjurations

   Spells                             Type                      Level
   a - Magic Dart                     Conjuration                  1
   b - Searing Ray                    Conjuration                  2
   c - Dazzling Spray                 Conjuration/Hexes            3
   d - Fulminant Prism                Conjuration/Hexes            4
   e - Iskenderun's Mystic Blast      Conjuration                  4
   f - Iskenderun's Battlesphere      Conjuration/Charms           5
Comestibles
 c - 3 bread rations
 d - 6 chunks of flesh
 l - a meat ration


   Skills:
 - Level 2.4 Dodging
 - Level 2.4 Stealth
 + Level 5.9 Spellcasting
 + Level 6.2 Conjurations


You had 5 spell levels left.
You knew the following spells:

 Your Spells              Type           Power        Failure   Level  Hunger
a - Magic Dart            Conj           ####         1%          1    None
b - Searing Ray           Conj           ####..       1%          2    None
c - Dazzling Spray        Conj/Hex       ###...       10%         3    ##.....
d - Fulminant Prism       Conj/Hex       ###.......   28%         4    ####...


Dungeon Overview and Level Annotations

Branches:
Dungeon (3/15)

Altars:
Ashenzari
Dithmenos
Elyvilon
Xom


Message History

Beogh smites you!
The goblin shouts!
Casting: Dazzling Spray
Confirm with . or Enter, or press ? or * to list all spells.
Aiming: Searing Ray
Press: ? - help, Shift-Dir - straight line, f - goblin
Aim: a goblin The searing ray misses the goblin.
The searing ray hits the goblin.
You kill the goblin!
The searing ray hits the orc priest.
The orc priest is heavily wounded.
The searing ray misses the orc priest.
The orc priest calls down the wrath of Beogh upon you.
Pain shoots through your body!
Ouch! That really hurt!
* * * LOW HITPOINT WARNING * * *
The orc priest calls down the wrath of Beogh upon you.
Beogh smites you!
You die...

.%# . ..# . ... # ###. #..
... #K# # ##... #.###..#..
## #..# #.#.$....
...#####.# #.#.# #.#####
#....#..######.#.###......
##...o.@..##.#..........
#...#####...............
#.###......##...........
#..# #......##...........
<..## #).<...##...........
#..## #........))...†.....
#)# #.[)...###..÷.......
... #......# #...†......
#.. #......# #......#.##


You could see an orc priest.

Vanquished Creatures
  Natasha (thrice) (D:2)
  3 gnolls (D:3)
  3 adders (D:2)
  An ooze (D:1)
  3 worms
  2 dart slugs
  A giant gecko (D:2)
  An orc (D:3)
  A ball python (D:1)
  11 bats
  3 giant cockroaches (D:1)
  11 goblins
  3 hobgoblins
  9 kobolds
  A quokka (D:3)
  4 giant newts
  6 rats
66 creatures vanquished.

Notes
Turn   | Place    | Note
--------------------------------------------------------------
     0 | D:1      | Dioneo the Deep Elf Conjurer began the quest for the Orb.
     0 | D:1      | Reached XP level 1. HP: 10/10 MP: 6/6
   103 | D:1      | Reached XP level 2. HP: 15/15 MP: 1/8
   204 | D:1      | Learned a level 2 spell: Searing Ray
   588 | D:1      | Reached XP level 3. HP: 19/19 MP: 2/10
   651 | D:1      | Learned a level 3 spell: Dazzling Spray
   767 | D:1      | Reached skill level 5 in Conjurations
  1155 | D:2      | Found a shimmering altar of Xom.
  1155 | D:2      | Found a white marble altar of Elyvilon.
  1408 | D:2      | Found a shadowy altar of Dithmenos.
  1533 | D:2      | Found a shattered altar of Ashenzari.
  1629 | D:2      | Reached XP level 4. HP: 20/24 MP: 1/12
  1930 | D:2      | Learned a level 4 spell: Fulminant Prism
  2006 | D:2      | Noticed Natasha
  2010 | D:2      | Killed Natasha
  2010 | D:2      | Reached skill level 5 in Spellcasting
  2067 | D:2      | Noticed Natasha
  2073 | D:2      | Killed Natasha
  2098 | D:2      | Noticed Natasha
  2102 | D:2      | Killed Natasha
  2102 | D:2      | Reached XP level 5. HP: 20/28 MP: 9/14
  2187 | D:2      | Reached skill level 6 in Conjurations
  2655 | D:3      | Killed from afar by an orc priest

Skill      XL: |  1  2  3  4  5 |
---------------+----------------+-----
Spellcasting   | 4 5 |  5.9
Conjurations   | 5 6 |  6.2
Dodging        | |  2.4
Stealth        | |  2.4

Action                   |  1- 3 |  4- 6 || total
-------------------------+-------+-------++-------
Melee: Dagger            |     7 |       ||     7
 Cast: Magic Dart        |    59 |    30 ||    89
       Searing Ray       |     6 |     7 ||    13
  Use: Scroll            |       |     1 ||     1
  Eat: Chunk             |     2 |     3 ||     5
Armor: Robe              |    10 |     1 ||    11
Dodge: Dodged            |    27 |     8 ||    35
